 Dungeon Crawl Stone Soup version 0.29-a0-341-g24ffce5b50 (webtiles) character file.

Game seed: 5089109654613297663

49 Essalna the Conjurer (level 3, 0/19 HPs)
             Began as a Deep Elf Conjurer on Apr 20, 2022.
             Slain by an orc wizard
             ... wielding a +1 vampiric dagger
              (3 damage)
             ... on level 3 of the Dungeon.
             The game lasted 00:03:13 (2205 turns).

Essalna the Conjurer (Deep Elf Conjurer)            Turns: 2205, Time: 00:03:14

Health: 0/19       AC:  3    Str:  4    XL:     3   Next: 51%
Magic:  1/10       EV: 12    Int: 24    God:
Gold:   62         SH:  0    Dex: 13    Spells: 9/10 levels left

rFire   . . .      SeeInvis .   h - +1 dagger (venom)
rCold   . . .      Faith    .   (no shield)
rNeg    . . .      Spirit   .   a - +0 robe
rPois   .          Reflect  .   (no helmet)
rElec   .          Harm     .   (no cloak)
rCorr   .          Rampage  .   i - +0 pair of gloves
Will    .....                   (no boots)
Stlth   ++........              (no amulet)
HPRegen 0.06/turn               (no ring)
MPRegen 0.12/turn               (no ring)

@: no status effects
A: no striking features
a: no special abilities


You were on level 3 of the Dungeon.
You visited 1 branch of the dungeon, and saw 3 of its levels.

You collected 117 gold pieces.
You spent 55 gold pieces at shops.

Inventory:

Hand Weapons
 h - a +1 dagger of venom (weapon)
Armour
 a - a +0 robe (worn)
 i - a +0 pair of gloves (worn)
Wands
 q - a wand of acid (11)
Scrolls
 e - a scroll of magic mapping
 f - a scroll of immolation
Potions
 b - 3 potions of magic
 c - 2 potions of cancellation {unknown}
 g - a potion of ambrosia
 k - 2 potions of heal wounds
 l - a potion of mutation {unknown}
 o - a potion of flight {unknown}


   Skills:
 - Level 2.4 Dodging
 - Level 2.4 Stealth
 + Level 4.4 Spellcasting
 + Level 5.1 Conjurations


You had 9 spell levels left.
You knew the following spells:

 Your Spells              Type           Power      Damage    Failure   Level
a - Magic Dart            Conj           100%       1d8       1%          1

Your spell library contained the following spells:

 Spells                   Type           Power      Damage    Failure   Level
 Searing Ray              Conj           60%        2d6       1%          2
 Dazzling Flash           Conj/Hex       34%        N/A       10%         3
 Fulminant Prism          Conj/Hex       8%         3d7       32%         4
 Iskenderun's Mystic Bla  Conj/Tloc      17%        2d5       32%         4


Dungeon Overview and Level Annotations

Branches:
Dungeon (3/15)

Altars:
Cheibriados

Shops:
D:2 *   D:3 ?


Message History

The orc is lightly wounded.
An orc wizard comes into view. It is wielding a +1 vampiric dagger.
The magic dart hits the orc.
The orc is heavily wounded.
The orc wizard shouts!
The magic dart hits the orc but does no damage.
The orc is heavily wounded.
The orc wizard mumbles some strange words.
The orc wizard flickers and vanishes!
Deactivating autopickup; reactivate with Ctrl-A.
The magic dart hits the orc.
You kill the orc!
The magic dart hits the orc.
The orc is moderately wounded.
The magic dart hits the orc.
The orc is heavily wounded.
The magic dart hits the orc.
The orc is severely wounded.
The orc hits you with a +0 whip.
An orc comes into view. It is wielding a +0 flail.
The magic dart hits the orc.
You kill the orc!
The orc shouts!
The magic dart hits something but does no damage.
Something hits you.
You are too injured to fight recklessly!
You miss something.
You hear some strange, mumbled words.
Something tries to affect you, but you resist.
You miss something. Something hits you but does no damage.
You hit something but do no damage. Something hits you. The orc misses you.
Things that are here:
a +0 whip; a +0 leather armour; an orc corpse You hit the orc.
The orc is poisoned.
The orc is heavily wounded.
The orc hits you with a +0 flail!
* * * LOW HITPOINT WARNING * * *
Something hits you.
You die...

*,################.#.# *,*
*,,,,,,,,,,......#.#.# *,*
*,,**,,,,,,........#,# *,*
***,,**,*****#####...#,******,**
,,,,,,>,******* #...#,,,,,,,,,*
,,,,,*,,,,,,,.####...########***
,***,**,*<**,...............#
,*,,,,,,,,*,,####.#..######.#
,*,*,,*,,**,,*#o@.........#,*
,*,,,,*,,*#....##.##..##.##,*
,***,,*,,..∩..,*#........#*,* ,*
*,,*,,...#***##########*,* ,*
*,,*,*#.,**,,,,,,,,,,,,,,*
,***,,*,*#,,***************,***
,,,****,,*,** *,,,,,,,,,,,*
,,,+,,,,,,,* *,*********,*
,,,********* *,*,,,,,,,*,*


You could see an orc (very poisoned).

Vanquished Creatures
  An adder (D:2)
  A worm (D:2)
  A dart slug (D:1)
  2 orcs (D:3)
  A ball python (D:1)
  4 endoplasms (D:2)
  3 giant cockroaches
  3 goblins
  3 hobgoblins (D:1)
  5 kobolds
  A quokka (D:2)
  2 bats (D:1)
  3 frilled lizards (D:1)
  2 rats
32 creatures vanquished.

Notes
Turn   | Place    | Note
-------+----------+-------------------------------------------
     0 | D:1      | Essalna the Deep Elf Conjurer began the quest for the Orb.
     0 | D:1      | Reached XP level 1. HP: 10/10 MP: 6/6
   119 | D:1      | Found a faded altar of an unknown god.
   412 | D:1      | Reached XP level 2. HP: 15/15 MP: 4/8
  1375 | D:2      | Reached XP level 3. HP: 19/19 MP: 8/10
  1427 | D:2      | Found Synwil's General Store.
  1430 | D:2      | Bought a potion of heal wounds for 55 gold pieces
  1532 | D:2      | Reached skill level 5 in Conjurations
  1614 | D:2      | Found a snail-covered altar of Cheibriados.
  2188 | D:3      | Found Peata's Magic Scroll Emporium.
  2205 | D:3      | Slain by an orc wizard

Illustrated notes

Levels and vault maps discovered:
D:1:      elethiomel_arrival_quiet, layout_basic,
          ebering_ecumenical_altar_abandoned
D:2:      layout_basic, basic_altar, serial_shops, nicolae_shop_behind_doors,
          item_on_display_a
D:3:      layout_basic, serial_shops, nicolae_square_shop, st_stairs_7,
          minmay_rat_hole

Skill      XL: |  1  2  3 |
---------------+----------+-----
Spellcasting   | 4 |  4.4
Conjurations   | 5 |  5.1
Dodging        | |  2.4
Stealth        | |  2.4

Action                   || total
-------------------------++-------
Melee: Dagger            ||     7
 Cast: Magic Dart        ||    60
  Use: Scroll            ||     8
Armor: Robe              ||     3
Dodge: Dodged            ||     5

Table legend: (Time is in decaauts)
 A = Elapsed time spent in this place.
 B = Non-inter-level travel time spent in this place.
 C = Inter-level travel time spent in this place.
 D = Time resting spent in this place.
 E = Time spent auto-exploring this place.
 F = Levels seen in this place.
 G = Mean time per level.
                   A        B        C        D        E       F      G
               +--------+--------+--------+--------+--------+-----+--------+
         Total |   2204 |   2164 |     40 |      0 |   1993 |   3 |  734.7 |
       Dungeon |   2204 |   2164 |     40 |      0 |   1993 |   3 |  734.7 |
               +--------+--------+--------+--------+--------+-----+--------+

Top non-repeatable levels by time:
     D:1: 1160 daAuts
     D:2: 848 daAuts
     D:3: 194 daAuts
